 Dungeon Crawl Stone Soup version 0.25.0-46-gbd7b0854d2 (webtiles) character file.

Game seed: 16952614752754190441

45 funkygono the Skirmisher (level 3, 0/33 HPs)
             Began as a Minotaur Fighter on July 16, 2020.
             Slain by Sigmund
             ... wielding a +0 scythe of venom
              (11 damage)
             ... on level 2 of the Dungeon.
             The game lasted 00:01:35 (748 turns).

funkygono the Skirmisher (Minotaur Fighter)          Turns: 748, Time: 00:01:35

Health: 0/33       AC:  7    Str: 21    XL:     3   Next: 42%
Magic:  2/2        EV:  7    Int:  5    God:
Gold:   52         SH: 10    Dex:  9    Spells: 2/2 levels left

rFire    . . .     SeeInvis .   a - +1 flail
rCold    . . .     Gourm    .   c - +1 kite shield
rNeg     . . .     Faith    .   b - +0 scale mail
rPois    .         Spirit   .   (helmet restricted)
rElec    .         Reflect  .   (no cloak)
rCorr    .         Harm     .   (no gloves)
MR       .....                  (no boots)
Stlth    ..........             (no amulet)
HPRegen  0.11/turn              (no ring)
MPRegen  0.08/turn              (no ring)

@: lethally poisoned (0 -> -10)
A: retaliatory headbutt, horns 2
a: no special abilities


You were on level 2 of the Dungeon.
You were not hungry.

You visited 1 branch of the dungeon, and saw 2 of its levels.

You collected 52 gold pieces.

Inventory:

Hand Weapons
 a - a +1 flail (weapon)
Missiles
 e - 51 stones (quivered)
Armour
 b - a +0 scale mail (worn)
 c - a +1 kite shield (worn)
Potions
 d - a potion of might
 j - a potion of resistance
Comestibles
 f - 4 rations
 g - 2 chunks of flesh


   Skills:
 + Level 4.2 Fighting
 + Level 3.0 Maces & Flails
 + Level 4.1 Armour
 + Level 4.1 Shields


You had 2 spell levels left.
You didn't know any spells.
Your spell library was empty.

Dungeon Overview and Level Annotations

Branches:
Dungeon (2/15)

Altars:

Annotations:
D:2 Sigmund


Innate Abilities, Weirdness & Mutations

You reflexively headbutt those who attack you in melee.
You have a pair of horns on your head.


Message History

You are more poisoned.
You block the bat's attack. You block the gnoll's attack.
You block Sigmund's attack. The bat hits you but does no damage.
You closely miss Sigmund.
Sigmund is lightly wounded.
You feel sick. The bat hits you but does no damage. You block the bat's attack.
The gnoll hits you but does no damage. You block the gnoll's attack.
Sigmund hits you with a +0 scythe of venom.
The gnoll hits you but does no damage. The bat hits you but does no damage.
The gnoll hits you from afar with a +0 spear.
You block the gnoll's attack.
You closely miss Sigmund.
Sigmund is lightly wounded.
You feel sick. You block the bat's attack.
Sigmund mumbles some strange words.
Sigmund flickers and vanishes!
Deactivating autopickup; reactivate with Ctrl-A.
You block the gnoll's attack. The gnoll hits you but does no damage.
You block the gnoll's attack. Something hits you!
You die...

#....#...#...#...#...#.g.#.
#..#...#...#...#...#...#
#....#...#...#...#...#..
#......#...#..g#g..#..#.
#.#####..#...#g..#..#...
#.# ###..#(..#...#.).. #.
###..#.(....>.... #.
####..g###g.......
.......g{@.g..[....
##......##..b......
#......#....$#...
########.#.#..### .. ......
#.. .##..## #.. .# .# ...
.# .#


You could see 3 gnolls, a goblin and a bat.

Vanquished Creatures
  A gnoll (D:1)
  2 adders (D:2)
  A worm (D:2)
  A giant cockroach (D:1)
  A hobgoblin (D:1)
  3 bats (D:1)
  A frilled lizard (D:1)
  4 goblins
  2 kobolds
  4 rats
20 creatures vanquished.

Notes
Turn   | Place    | Note
-------+----------+-------------------------------------------
     0 | D:1      | funkygono the Minotaur Fighter began the quest for the Orb.
     0 | D:1      | Reached XP level 1. HP: 19/19 MP: 0/0
   224 | D:1      | Reached XP level 2. HP: 27/27 MP: 1/1
   527 | D:2      | Found a faded altar of an unknown god.
   547 | D:2      | Reached XP level 3. HP: 27/33 MP: 2/2
   726 | D:2      | Noticed Sigmund
   748 | D:2      | Slain by Sigmund

Illustrated notes

Levels and vault maps discovered:
D:1:      lightli_arrival_statuegarden, layout_rooms, kennysheep_crisscross,
          hangedman_decor_points, chequers_serial_rivers_micro_e
D:2:      layout_rooms, lightli_temple_of_fire,
          chequers_ecumenical_altar_simple, serial_bayou_pond_e, hex_large,
          led_sif_pool, uniq_sigmund

Skill      XL: |  1  2  3 |
---------------+----------+-----
Fighting       | 4 |  4.2
Shields        | 4 |  4.1
Armour         | 4 |  4.1
Maces & Flails | 3 |  3.0

Action                   || total
-------------------------++-------
Melee: Flail             ||    52
       Headbutt          ||     8
  Use: Scroll            ||     5
Armor: Scale mail        ||    35
Dodge: Dodged            ||    23
Block: Kite shield       ||    42
